 Dungeon Crawl Stone Soup version 0.20-a0-307-gd0bf4df (webtiles) character file.

8923 AlphabetPasta the Earth Mage (level 11, -14/68 HPs)
             Began as a Formicid Earth Elementalist on Dec 19, 2016.
             Was a Believer of Vehumet.
             Killed from afar by Harold (21 damage)
             ... with a bolt of fire
             ... on level 12 of the Dungeon.
             The game lasted 01:05:30 (9747 turns).

AlphabetPasta the Earth Mage (FoEE)                 Turns: 9747, Time: 01:05:32

Health: -14/68     AC: 10    Str: 13    XL:     11   Next: 64%
Magic:  23/33      EV: 13    Int: 18    God:    Vehumet [**....]
Gold:   474        SH:  5    Dex: 11    Spells: 14/29 levels left

rFire  . . .     SeeInvis +     b - 131 stones
rCold  + . .     Gourm    .     M - +2 leather armour {rC+}
rNeg   . . .     Faith    .     F - +0 buckler
rPois  .         Spirit   .     (helmet unavailable)
rElec  .         Reflect  .     f - +0 cloak
rCorr  .         Harm     .     s - +1 pair of gloves
MR     +....     Clarity  +     t - +0 pair of boots
Stlth  ++........               o - amulet of regeneration
                                h - ring of magical power
                                g - +1 ring of protection

@: no status effects
A: permanent stasis, dig shafts and tunnels, four strong arms, antennae 3,
clarity
a: Dig, Shaft Self, Renounce Religion


You were on level 12 of the Dungeon.
You worshipped Vehumet.
Vehumet was pleased with you.
You were hungry.

You visited 2 branches of the dungeon, and saw 13 of its levels.

You collected 546 gold pieces.
You spent 72 gold pieces at shops.

Inventory:

Hand Weapons
 a - a +0 quarterstaff
 G - a +1 trident
Missiles
 b - 131 stones (in hand)
Armour
 c - a +0 robe
 f - a +0 cloak (worn)
 s - a +1 pair of gloves (worn)
 t - a +0 pair of boots (worn)
 F - a +0 buckler (worn)
 M - a +2 leather armour of cold resistance (worn)
Jewellery
 g - a +1 ring of protection (left hand)
 h - a ring of magical power (right hand)
 l - an uncursed ring of resist corrosion
 o - an amulet of regeneration (around neck)
 w - an uncursed ring of fire
Wands
 i - a wand of digging (10/24)
 r - a wand of iceblast (1/15)
 v - a wand of teleportation (1/9)
 y - a wand of flame (18/48)
 D - a wand of lightning (9/15)
 E - a wand of paralysis (13/24)
 H - a wand of iceblast (7/15)
Scrolls
 j - 7 scrolls of remove curse
 k - 2 scrolls of enchant armour
 x - 2 scrolls of recharging
 J - 2 scrolls of magic mapping
Potions
 m - 2 potions of agility
 p - 2 potions of curing
 q - 3 potions of magic
 A - 2 potions of might
 B - a potion of cure mutation
 C - 2 potions of haste
 L - a potion of degeneration {unknown}
 N - a potion of heal wounds
Books
 e - a book of Geomancy

   Spells                             Type                      Level
   a - Sandblast                      Earth                        1
   b - Passwall                       Transmutation/Earth          2
   c - Stone Arrow                    Conjuration/Earth            3
   d - Petrify                        Transmutation/Earth          4
   e - Lee's Rapid Deconstruction     Earth                        5
Comestibles
 d - 5 bread rations
 n - 2 meat rations
 z - 2 slices of pizza
 I - a fruit
 K - 2 beef jerkies


   Skills:
 + Level 2.2 Armour
 - Level 3.9 Dodging
 - Level 2.4 Stealth
 - Level 4.6 Shields
 + Level 9.7 Spellcasting
 - Level 1.1 Transmutations
 * Level 15.4 Earth Magic


You had 14 spell levels left.
You knew the following spells:

 Your Spells              Type           Power        Failure   Level  Hunger
a - Sandblast             Erth           ######       1%          1    None
b - Passwall              Tmut/Erth      #####.....   1%          2    None
c - Stone Arrow           Conj/Erth      #####.       1%          3    None
d - Petrify               Tmut/Erth      #####...     3%          4    ###....
e - Lee's Rapid Deconstr  Erth           ######....   1%          5    #####..


Dungeon Overview and Level Annotations

Branches:
Dungeon (13/15)            Temple (1/1) D:7            Lair (0/6) D:9
    Orc (0/2) D:9
 Vaults: D:13-14

Altars:
Cheibriados
Dithmenos
Elyvilon
Fedhas
Gozag
Hepliaklqana
Kikubaaqudgha
Makhleb
Nemelex Xobeh
Okawaru
Ru
Sif Muna
Uskayaw
Vehumet
Xom
Zin
The Shining One

Shops:
D:9 *

Annotations:
D:12 Harold


Innate Abilities, Weirdness & Mutations

You cannot be hasted, slowed, berserked, paralysed or teleported.
You can dig through walls and to a lower floor.
Your four strong arms can wield two-handed weapons with a shield.
You have a pair of large antennae on your head. (SInv)
You possess an exceptional clarity of mind.


Message History

Casting: Stone Arrow
Confirm with . or Enter, or press ? or * to list all spells.
Aiming: Stone Arrow
Press: ? - help, Shift-Dir - straight line, f/p - Harold
Aim: Harold, wielding a hand axe and wearing a shiny ring mail (moderately wounded)
The stone arrow hits Harold.
Harold is heavily wounded.
The two-headed ogre shouts in stereo!
Harold casts a spell at you. The bolt of fire hits you!
You hear a shout!
Are you sure you want to shaft yourself?
You are feeling hungry.
Harold casts a spell at you. The bolt of fire hits you!
* * * LOW HITPOINT WARNING * * *
You begin to dig a shaft.
You continue digging a shaft.
Harold casts a spell at you. The bolt of fire hits you!
You die...

#........#
#........####
#....)......####
#.....†..##....##
.)........#####..######
##......).# ##.......
#........# ########
#######.## {{ #.@..#
#@#### #D .O{ ... {
#.......{...+ #
........... { .
......... # ..@..D.


You could see Harold, a seven-headed hydra and an ogre.

Vanquished Creatures
  Nessos (D:12)
  A centaur warrior (D:13)
  A two-headed ogre (D:12)
  An ugly thing (D:12)
  Joseph (D:8)
  A kobold demonologist (D:12)
  2 trolls
  A hippogriff (D:12)
  A hungry ghost (D:12)
  Grum (D:8)
  Eustachio (D:6)
  4 orc warriors (D:9)
  4 sky beasts
  An eye of draining (D:8)
  2 ice beasts
  2 necrophages
  3 ogres
  3 wolves (D:8)
  5 centaurs
  A crocodile (D:7)
  A big kobold (D:7)
  6 bullfrogs
  2 scorpions
  2 wights (D:12)
  4 howler monkeys
  2 crimson imps
  2 centaur zombies
  6 hounds
  6 orc priests
  2 jellies (D:7)
  11 orc wizards
  A hell rat (D:9)
  Ijyb (D:2)
  Natasha (thrice) (D:2)
  3 iguanas
  5 worker ants
  3 hound skeletons
  A worker ant zombie (D:7)
  A howler monkey skeleton (D:5)
  A river rat (D:9)
  11 adders
  A shadow imp (D:7)
  2 oozes
  An adder skeleton (D:5)
  4 dart slugs
  4 leopard geckos
  21 orcs
  7 giant cockroaches
  9 goblins
  5 hobgoblins
  12 jackals
  4 quokkas
  A ball python skeleton (D:4)
  8 bats
  3 frilled lizards
  8 kobolds
  2 quokka zombies
  7 rats
210 creatures vanquished.

Notes
Turn   | Place    | Note
-------+----------+-------------------------------------------
     0 | D:1      | AlphabetPasta the Formicid Earth Elementalist began the quest for the Orb.
     0 | D:1      | Reached XP level 1. HP: 13/13 MP: 3/3
   402 | D:1      | Reached skill level 4 in Earth Magic
   402 | D:1      | Reached XP level 2. HP: 17/19 MP: 1/5
   406 | D:1      | Learned a level 2 spell: Passwall
  1084 | D:1      | Reached XP level 3. HP: 24/24 MP: 4/7
  1089 | D:1      | Learned a level 3 spell: Stone Arrow
  1384 | D:2      | Noticed Ijyb
  1390 | D:2      | Killed Ijyb
  1390 | D:2      | Reached XP level 4. HP: 28/30 MP: 2/8
  1635 | D:2      | Reached skill level 5 in Earth Magic
  1715 | D:2      | Noticed Natasha
  1721 | D:2      | Killed Natasha
  1935 | D:2      | Reached XP level 5. HP: 35/35 MP: 7/10
  1941 | D:2      | Learned a level 4 spell: Petrify
  2012 | D:2      | Noticed Natasha
  2017 | D:2      | Killed Natasha
  2214 | D:2      | Noticed Natasha
  2218 | D:2      | Killed Natasha
  2294 | D:3      | Reached skill level 6 in Earth Magic
  2494 | D:3      | Reached XP level 6. HP: 39/41 MP: 6/12
  3168 | D:4      | Gained mutation: You possess an exceptional clarity of mind. [potion of beneficial mutation]
  3633 | D:4      | Reached skill level 7 in Earth Magic
  4089 | D:5      | Entered Level 5 of the Dungeon
  4108 | D:5      | Reached XP level 7. HP: 42/46 MP: 13/13
  4115 | D:5      | Learned a level 5 spell: Lee's Rapid Deconstruction
  4367 | D:5      | Reached skill level 5 in Spellcasting
  4367 | D:5      | Reached skill level 8 in Earth Magic
  4704 | D:5      | Reached XP level 8. HP: 45/52 MP: 16/16
  4728 | D:5      | Reached skill level 9 in Earth Magic
  4760 | D:6      | Noticed Eustachio
  4787 | D:6      | Killed Eustachio
  5013 | D:6      | Reached skill level 10 in Earth Magic
  5333 | D:6      | Reached XP level 9. HP: 57/57 MP: 15/18
  5585 | D:6      | Found a shadowy altar of Dithmenos.
  5601 | D:6      | Reached skill level 11 in Earth Magic
  5717 | D:7      | Learned a level 5 spell: Lee's Rapid Deconstruction
  5757 | D:7      | Found a deep blue altar of Sif Muna.
  6322 | D:7      | Found a staircase to the Ecumenical Temple.
  6327 | Temple   | Entered the Ecumenical Temple
  6340 | Temple   | Became a worshipper of Vehumet
  7033 | D:7      | Reached skill level 12 in Earth Magic
  7314 | D:8      | Noticed Joseph
  7324 | D:8      | Killed Joseph
  7324 | D:8      | Reached skill level 1 in Shields
  7424 | D:8      | Reached XP level 10. HP: 60/63 MP: 21/21
  7475 | D:8      | Reached * piety under Vehumet
  7475 | D:8      | Offered knowledge of Freeze by Vehumet.
  7675 | D:8      | Reached skill level 13 in Earth Magic
  7693 | D:8      | Noticed Grum
  7696 | D:8      | Killed Grum
  8203 | D:9      | Found Hien's Assorted Antiques.
  8210 | D:9      | Bought a scroll of identify for 36 gold pieces
  8210 | D:9      | Bought a scroll labeled VUROIT EHUQIN for 18 gold pieces
  8210 | D:9      | Bought a scroll labeled WOTITU NOQEVYIL for 18 gold pieces
  8389 | D:9      | Offered knowledge of Throw Flame by Vehumet.
  8462 | D:9      | Reached ** piety under Vehumet
  8477 | D:9      | Found a staircase to the Orcish Mines.
  8704 | D:9      | Found a staircase to the Lair.
  8704 | D:9      | Noticed a death yak
  8708 | D:9      | Noticed a death yak
  8710 | D:9      | Noticed a death yak
  8729 | D:9      | You fall through a shaft for 3 floors!
  8729 | D:12     | Noticed a green ugly thing
  8741 | D:12     | Killed a green ugly thing
  8741 | D:12     | Reached skill level 14 in Earth Magic
  8743 | D:12     | Noticed Harold
  8743 | D:12     | Noticed a two-headed ogre
  8743 | D:12     | Noticed a seven-headed hydra
  8746 | D:12     | You fall through a shaft!
  8866 | D:13     | Reached XP level 11. HP: 64/68 MP: 24/24
  8899 | D:13     | Noticed a centaur warrior
  8909 | D:13     | Killed a centaur warrior
  9045 | D:12     | Noticed Nessos
  9057 | D:12     | Killed Nessos
  9099 | D:11     | Noticed an eight-headed hydra
  9099 | D:11     | Noticed a manticore
  9153 | D:12     | Reached skill level 15 in Earth Magic
  9270 | D:12     | Found a sparkling altar of Nemelex Xobeh.
  9312 | D:12     | Noticed a two-headed ogre
  9322 | D:12     | Killed a two-headed ogre
  9322 | D:12     | Reached skill level 1 in Armour
  9623 | D:12     | Offered knowledge of Searing Ray by Vehumet.
  9747 | D:12     | Killed from afar by Harold

Vault maps used:
D:1:      moated_graveyard_arrival, serial_bayou_crossing
D:2:      first_bread, uniq_natasha, uniq_iyjb
D:6:      kennysheep_mini_moat, uniq_eustachio
D:7:      basic_altar
D:8:      uniq_joseph, uniq_grum
D:9:      chequers_temple_overflow_minitemple, dpeg_lair_monsters, david_orc_4,
          serial_shops, shop, shop, shop
D:12:     basic_altar, uniq_snorg, uniq_nessos, uniq_harold
D:13:     grunt_vaults_entry_tiered, serial_shops, kennysheep_mini,
          hangedman_ranch, grunt_gozag_statues, uniq_erolcha
Temple:   regret_index_temple_sphere_string

Skill      XL: |  1  2  3  4  5  6  7  8  9 10 11 |
---------------+----------------------------------+-----
Earth Magic    | 4 5 6 7 8 10 12 14 15 | 15.4
Spellcasting   | 3 4 5 6 7 9 |  9.7
Shields        | 2 4 |  4.6
Dodging        | 2 3 |  3.9
Armour         | 2 |  2.2
Stealth        | |  2.4
Transmutations | |  1.1

Action                   |  1- 3 |  4- 6 |  7- 9 | 10-12 || total
-------------------------+-------+-------+-------+-------++-------
Melee: Unarmed           |     9 |       |       |       ||     9
       Trident           |       |    10 |     9 |       ||    19
 Cast: Sandblast         |    43 |   118 |   170 |   167 ||   498
       Stone Arrow       |       |       |    20 |    43 ||    63
       Lee's Rapid Decon |       |       |       |     4 ||     4
       Petrify           |       |       |       |     1 ||     1
 Abil: Shaft Self        |       |       |       |     3 ||     3
Evoke: Wand              |       |       |     2 |     2 ||     4
  Use: Scroll            |     2 |     4 |    14 |     5 ||    25
       Potion            |       |     1 |       |     2 ||     3
 Stab: Sleeping          |       |     7 |     8 |       ||    15
  Eat: Chunk             |     2 |     7 |    10 |     9 ||    28
       Pizza             |       |     1 |       |       ||     1
Armor: Robe              |     6 |    15 |    50 |    20 ||    91
       Leather armour    |       |       |       |     6 ||     6
Dodge: Dodged            |    15 |    62 |    77 |    61 ||   215
Block: Buckler           |       |       |       |    25 ||    25
